 Dungeon Crawl Stone Soup version 0.30-a0-881-g1ff12e1e11 (webtiles) character file.

Game seed: 18326811144792132800

113 jasper the Chopper (level 4, -1/33 HPs)
             Began as a Demonspawn Gladiator on Mar 14, 2023.
             Succumbed to Jessica's poison
             ... on level 2 of the Dungeon.
             The game lasted 00:04:45 (1657 turns).

jasper the Chopper (Demonspawn Gladiator)           Turns: 1657, Time: 00:04:45

Health: -1/33      AC:  7    Str: 16    XL:     4   Next: 65%
Magic:  4/4        EV: 11    Int: 10    God:
Gold:   36         SH:  0    Dex: 14    Spells: 3/3 levels left

rFire   . . .      SeeInvis .    a - +0 war axe
rCold   . . .      Faith    .    (no shield)
rNeg    . . .      Spirit   .    h - +0 ring mail
rPois   .          Reflect  .    c - +1 helmet
rElec   .          Rampage  .    (no cloak)
rCorr   .                        (no gloves)
Will    .....                    (no boots)
Stlth   +                        (no amulet)
HPRegen 0.25/turn                (no ring)
MPRegen 0.09/turn                (no ring)

@: lethally poisoned (-1 -> -21), studying Armour, invisible
A: powered by pain 2
a: no special abilities


You were on level 2 of the Dungeon.
You visited 1 branch of the dungeon, and saw 2 of its levels.

You collected 36 gold pieces.

Inventory:

Hand Weapons
 a - a +0 war axe (weapon)
 f - a +2 dagger of draining
Missiles
 d - 3 throwing nets
 e - a javelin
 i - 13 stones (quivered)
Armour
 b - a +0 leather armour
 c - a +1 helmet (worn)
 h - a +0 ring mail (worn)
Jewellery
 o - a ring of wizardry
Potions
 l - a potion of flight {unknown}


   Skills:
 + Level 2.0 Fighting
 + Level 4.9 Axes
 - Level 1.7 Throwing
 + Level 0.3 Armour
 - Level 2.6 Dodging


You had 3 spell levels left.
You didn't know any spells.
Your spell library was empty.

Dungeon Overview and Level Annotations

Branches:
Dungeon (2/15)

Altars:

Annotations:
D:2 Jessica, Natasha


Innate Abilities, Weirdness & Mutations

You sometimes gain power by taking damage.


Message History

The ball python bites you but does no damage.
The ball python grabs you. The ball python constricts you.
You slash the ball python!
You kill the ball python!
You hit the ball python.
You kill the ball python!
You hit the endoplasm.
The endoplasm is severely wounded.
The endoplasm closely misses you.
Jessica mumbles some strange words.
Jessica seems to speed up.
The endoplasm barely misses you.
You hit the endoplasm but do no damage.
The endoplasm is severely wounded.
Jessica casts a spell.
Jessica blinks!
The endoplasm freezes you.
You are frozen.
You take 3 damage, and have 22/33 hp.
You slash the endoplasm!
You kill the endoplasm!
Jessica gestures at you while chanting. Pain shoots through your body!
You take 8 damage, and have 14/33 hp.
MASSIVE DAMAGE!!
Jessica hits you with a +2 dagger of venom.
You are lethally poisoned!
Jessica hits you but does no damage.
You see here a ball python corpse.
You take 3 damage, and have 11/33 hp.
You hit Jessica.
Jessica is heavily wounded.
* * * LOW HITPOINT WARNING * * *
You feel very sick. Jessica barely misses you.
Jessica hits you with a +2 dagger of venom.
* * * LOW HITPOINT WARNING * * *
You are more poisoned.
You take 7 damage, and have 4/33 hp.
MASSIVE DAMAGE!!
It was a potion of invisibility.
You fade into invisibility!
You die...

..........#
....)######..........#
####)# #..........# #)#
#..........### #(#
#.?............ #gJ#
#.[...........# ##..#
##..........<.. .
#h........@.......# .
5.........@##....# .#
......####..##...####.#
..... ##..#.#.##...
..... ##.#.#.##.#####
#....<.......#
###..#...###.# #......#
#...>#[# #.#.##...#


You could see Jessica (fast, unable to see you).

Vanquished Creatures
  An orc wizard (D:2)
  A gnoll (D:2)
  An adder (D:2)
  A worm (D:2)
  2 dart slugs (D:1)
  2 orcs (D:2)
  10 bats
  9 endoplasms
  A giant cockroach (D:1)
  5 goblins
  4 hobgoblins
  5 quokkas
  5 ball pythons
  2 frilled lizards
  4 kobolds
  7 rats
60 creatures vanquished.

Notes
Turn   | Place    | Note
-------+----------+-------------------------------------------
     0 | D:1      | jasper the Demonspawn Gladiator began the quest for the
                  | Orb.
     0 | D:1      | Reached XP level 1. HP: 16/16 MP: 1/1
    63 | D:1      | Reached skill level 3 in Axes
   146 | D:1      | Gained mutation: You sometimes gain a little power by
                  | taking damage. [demonic ancestry]
   146 | D:1      | Reached XP level 2. HP: 18/22 MP: 2/2
   244 | D:1      | You fall into a shaft and drop 1 floor!
   406 | D:2      | Reached XP level 3. HP: 25/27 MP: 3/3
   631 | D:2      | Reached skill level 4 in Axes
   752 | D:2      | Noticed Natasha
   761 | D:2      | Gained mutation: You sometimes gain power by taking damage.
                  | [demonic ancestry]
   761 | D:2      | Reached XP level 4. HP: 13/33 MP: 4/4
  1532 | D:1      | Identified a scroll of acquirement
  1532 | D:1      | Acquired a manual of Armour
  1640 | D:2      | Noticed Jessica
  1657 | D:2      | Succumbed to Jessica's poison

Illustrated notes

Levels and vault maps discovered:
D:1:      wander_arrival_abandoned_jail, layout_loops_ring,
          minmay_misc_feat_more_columns
D:2:      layout_basic, minmay_hexomino_u4, uniq_natasha, uniq_jessica

Skill      XL: |  1  2  3 |
---------------+----------+-----
Axes           | 3 4 |  4.9
Fighting       | |  2.0
Throwing       | |  1.7
Armour         | |  0.3
Dodging        | |  2.6

Action                     |  1- 3 |  4- 6 || total
---------------------------+-------+-------++-------
  Melee: War axe           |    73 |    75 ||   148
  Throw: Stone             |       |     1 ||     1
         Throwing net      |       |     1 ||     1
    Use: Scroll            |       |     5 ||     5
         Potion            |       |     1 ||     1
 Armour: Leather armour    |     6 |       ||     6
         Ring mail         |    33 |    35 ||    68
  Dodge: Dodged            |    62 |    67 ||   129

Table legend: (Time is in decaauts)
 A = Elapsed time spent in this place.
 B = Non-inter-level travel time spent in this place.
 C = Inter-level travel time spent in this place.
 D = Time resting spent in this place.
 E = Time spent auto-exploring this place.
 F = Levels seen in this place.
 G = Mean time per level.
                   A        B        C        D        E       F      G
               +--------+--------+--------+--------+--------+-----+--------+
         Total |   1745 |   1696 |     49 |    120 |    915 |   2 |  872.5 |
       Dungeon |   1745 |   1696 |     49 |    120 |    915 |   2 |  872.5 |
               +--------+--------+--------+--------+--------+-----+--------+

Top non-repeatable levels by time:
     D:1: 1070 daAuts
     D:2: 674 daAuts
